 Dungeon Crawl Stone Soup version 0.26.1-11-gd32895ea62 (webtiles) character file.

Game seed: 6433562846464256943

5385 H0rd4k the Martial Artist (level 10, -2/55 (63) HPs)
             Began as an Octopode Transmuter on May 11, 2021.
             Was an Initiate of Gozag.
             Slain by a wight
             ... wielding a +4 halberd
              (8 damage)
             ... on level 9 of the Dungeon.
             The game lasted 00:17:29 (13769 turns).

H0rd4k the Martial Artist (Octopode Transmuter)    Turns: 13769, Time: 00:17:30

HP:   -2/55 (63)    AC:  1    Str: 11    XL:     10   Next: 66%
MP:   19/19         EV: 16    Int: 18    God:    Gozag
Gold: 1367          SH:  0    Dex: 12    Spells: 12/21 levels left

rFire    . . .     SeeInvis +     - Unarmed
rCold    . . .     Faith    .   (no shield)
rNeg     . . .     Spirit   .   (helmet restricted)
rPois    .         Reflect  .   (no amulet)
rElec    .         Harm     .   c - ring of see invisible
rCorr    .         Rampage  .   (no ring)
Will     .....                  (no ring)
Stlth    ++........             (no ring)
HPRegen  0.18/turn              (no ring)
MPRegen  0.16/turn              (no ring)
                                (no ring)
                                (no ring)

@: gold aura, heavily drained
A: almost no armour, stealthy swim, amphibious, 8 rings, constrict 8, camouflage
1, gelatinous body 1
a: Renounce Religion, Potion Petition, Call Merchant, Bribe Branch


You were on level 9 of the Dungeon.
You worshipped Gozag.
Gozag was most pleased with you.
You visited 2 branches of the dungeon, and saw 10 of its levels.
You also visited: Sewer.

You collected 1618 gold pieces.
You spent 212 gold pieces at shops.
You paid 39 gold pieces to Gozag.

Inventory:

Hand Weapons
 a - the +7 mace of Sin {drain, Str+4 Stlth-}
   (You found it on level 6 of the Dungeon)

   A truly terrible weapon, it drains the life of those it strikes.
   It affects your strength (+4).
   It makes you less stealthy.
 u - the +2 hand crossbow of Upioggog {penet, *Corrode rElec rPois Int+2}
   (You bought it in a shop on level 7 of the Dungeon)

   Ammo fired by it passes through the targets it hits, potentially hitting all
   targets in its path until it reaches maximum range.
   It affects your intelligence (+2).
   It insulates you from electricity.
   It protects you from poison.
   It may corrode you when you take damage.
Missiles
 i - 30 poisoned darts (quivered)
Jewellery
 c - a ring of see invisible (left tentacle)
Wands
 f - a wand of flame (18)
 t - a wand of random effects (20)
 z - a wand of acid (12)
 B - a wand of enslavement (3)
Scrolls
 b - 2 scrolls of random uselessness {unknown}
 d - 4 scrolls of teleportation {unknown}
 e - 5 scrolls of remove curse
 m - a scroll of fear {unknown}
 n - 3 scrolls of enchant weapon {unknown}
 p - 2 scrolls of enchant armour {unknown}
 s - a scroll of fog {unknown}
 x - a scroll of blinking {unknown}
 y - a scroll of amnesia {unknown}
 C - a scroll of identify
Potions
 g - a potion of magic
 h - a potion of resistance
 j - 2 potions of invisibility
 k - 8 potions of heal wounds
 l - 4 potions of curing
 o - 4 potions of flight
 q - 2 potions of brilliance
 r - a potion of might
 v - 2 potions of cancellation
 w - a potion of haste {unknown}
 A - 2 potions of degeneration {unknown}


   Skills:
 + Level 3.0 Fighting
 + Level 1.2 Throwing
 + Level 6.0 Dodging
 - Level 0.9 Stealth
 + Level 10.7 Unarmed Combat
 * Level 6.1 Spellcasting
 * Level 6.4 Transmutations
 - Level 3.3 Poison Magic
 + Level 1.1 Evocations


You had 12 spell levels left.
You knew the following spells:

 Your Spells              Type           Power        Failure   Level
a - Beastly Appendage     Tmut           56%          1%          1
b - Spider Form           Tmut/Pois      11%          4%          3
c - Blade Hands           Tmut           14%          24%         5

Your spell library contained the following spells:

 Spells                   Type           Power        Failure   Level
 Wereblood                Tmut           28%          1%          2
 Ice Form                 Ice/Tmut       17%          30%         4
 Petrify                  Tmut/Erth      17%          30%         4
 Confusing Touch          Hex            5%           34%         3
 Gell's Gravitas          Tloc           2%           34%         3
 Yara's Violent Unravell  Hex/Tmut       8%           65%         5
 Metabolic Englaciation   Hex/Ice        2%           97%         5


Dungeon Overview and Level Annotations

Branches:
Dungeon (9/15)             Temple (1/1) D:5           Sewer (visited)
   Lair: D:8-11         Orc: D:9-12

Altars:
Ashenzari
Cheibriados
Gozag
Hepliaklqana
Makhleb
Ru
Trog
Xom
Zin
The Shining One

Shops:
D:7 (

Annotations:
D:5 exclusion: downstairs
D:6 Blork the orc, Maggie
D:7 exclusion: downstairs


Innate Abilities, Weirdness & Mutations

You cannot wear most types of armour.
You are very stealthy in the water. (Stealth+)
You are amphibious.
You can wear up to eight rings at the same time.
You can use your tentacles to constrict eight enemies at once.
Your skin changes colour to match your surroundings (Stealth+).
Your rubbery body absorbs attacks. (AC +1, EV +1)


Message History

The wight is lightly damaged.
You tentacle-slap the wight. You grab the wight. Your squeeze misses the wight.
The wight is moderately damaged.
You constrict the wight, but do no damage.
The wight hits you with a +0 flail!
You feel drained.
You bludgeon the wight!
You squeeze the wight, but do no damage.
The wight is almost destroyed.
You constrict the wight, but do no damage.
The wight hits you with a +0 flail.
You feel drained.
You bludgeon the wight!
You destroy the wight!
The wight barely misses you. The wight hits you with a +4 halberd!!
* * * LOW HITPOINT WARNING * * *
You feel drained.
* * * LOW HITPOINT WARNING * * *
The wight hits you from afar with a +4 halberd!
You die...
Your body crumbles into a pile of gold.

#.#...#.#.#...#..# #.
#.#...#.#.#...#..z.##.
#...#...#...#...##.##.
#z#.#.#z..#.#.### z##.
#.############# ###
#.###.......# #.'
#...z.#####.# #.#
#####.# #.# #@# #.#
#.# #.# #.# $ #.# #.#
#.# #.##############.#
#................#
##################


You could see a wight.

Vanquished Creatures
  Harold (D:7)
  Prince Ribbit (D:6)
  6 yaks (D:9)
  2 orc warriors
  A necrophage (D:8)
  3 sky beasts
  5 ogres
  4 centaurs
  2 big kobolds (Sewer)
  A bullfrog (D:6)
  6 scorpions
  5 wights
  A howler monkey (D:4)
  2 hounds
  4 quasits
  2 centaur zombies
  4 orc priests
  3 bullfrog skeletons
  A centaur skeleton (D:8)
  3 iguanas
  9 orc wizards
  7 worker ants
  Terence (D:2)
  A killer bee zombie (D:5)
  3 hound skeletons
  A howler monkey zombie (D:5)
  A worker ant zombie (D:5)
  3 gnolls (D:5)
  16 adders
  6 river rats (Sewer)
  4 shadow imps
  A white imp (D:6)
  2 ufetubi
  An ooze (Sewer)
  2 adder skeletons
  2 adder zombies
  9 worms
  5 dart slugs
  4 leopard geckos
  35 orcs
  6 ball pythons (Sewer)
  9 bats
  5 giant cockroaches
  4 goblins
  3 hobgoblins (D:1)
  21 jackals
  2 quokkas
  11 frilled lizards
  3 giant cockroach zombies (D:5)
  20 kobolds
  A quokka skeleton (D:7)
  A quokka zombie (D:5)
  25 rats
281 creatures vanquished.

Vanquished Creatures (others)
  2 fungi (D:6)
  7 withered plants (D:5)
9 creatures vanquished.

Grand Total: 290 creatures vanquished

Notes
Turn   | Place    | Note
-------+----------+-------------------------------------------
     0 | D:1      | H0rd4k the Octopode Transmuter began the quest for the Orb.
     0 | D:1      | Reached XP level 1. HP: 13/13 MP: 3/3
   362 | D:1      | Reached XP level 2. HP: 17/18 MP: 5/5
   907 | D:1      | Reached XP level 3. HP: 18/23 MP: 6/6
  1300 | D:2      | Learned a level 3 spell: Spider Form
  1599 | D:2      | Noticed Terence
  1893 | D:2      | Reached skill level 4 in Unarmed Combat
  1967 | D:2      | Reached skill level 1 in Poison Magic
  1967 | D:2      | Reached XP level 4. HP: 18/28 MP: 7/7
  2343 | D:2      | Found a faded altar of an unknown god.
  2591 | D:2      | Killed Terence
  2592 | D:2      | Reached XP level 5. HP: 33/33 MP: 4/8
  2886 | D:3      | Found a broken altar of Ashenzari.
  3961 | D:4      | Reached XP level 6. HP: 38/38 MP: 10/10
  4047 | D:4      | Reached skill level 5 in Unarmed Combat
  4204 | D:4      | Found a shimmering altar of Xom.
  5238 | D:5      | Entered Level 5 of the Dungeon
  5238 | D:5      | Found a staircase to the Ecumenical Temple.
  5253 | Temple   | Entered the Ecumenical Temple
  5270 | Temple   | Became a worshipper of Gozag Ym Sagoz the Greedy
  5418 | D:5      | Found a glowing drain.
  5463 | Sewer    | Entered a sewer
  5914 | Sewer    | Reached XP level 7. HP: 25/44 MP: 11/11
  6638 | Sewer    | Reached skill level 6 in Unarmed Combat
  7276 | D:5      | Reached XP level 8. HP: 20/50 MP: 8/13
  7902 | D:5      | Found a snail-covered altar of Cheibriados.
  8659 | D:6      | Reached skill level 1 in Throwing
  8724 | D:6      | Reached skill level 7 in Unarmed Combat
  9368 | D:6      | Noticed Blork the orc
  9375 | D:6      | Got a shimmering mace
  9790 | D:6      | Noticed Maggie
 10084 | D:6      | Reached XP level 9. HP: 46/55 MP: 15/15
 10090 | D:6      | Learned a level 5 spell: Blade Hands
 10165 | D:5      | Reached skill level 8 in Unarmed Combat
 10391 | D:6      | Noticed Prince Ribbit
 10401 | D:6      | Killed Prince Ribbit
 10489 | D:6      | Reached skill level 5 in Transmutations
 11021 | D:7      | Noticed Harold
 11052 | D:7      | Killed Harold
 11053 | D:7      | Reached skill level 5 in Dodging
 11053 | D:7      | Reached skill level 9 in Unarmed Combat
 11053 | D:7      | Reached skill level 5 in Spellcasting
 11541 | D:7      | Reached XP level 10. HP: 61/61 MP: 14/18
 11841 | D:7      | Found Yzefeic's Antique Weapon Boutique.
 11845 | D:7      | Bought an ivory hand crossbow for 212 gold pieces
 12318 | D:7      | Identified the +2 hand crossbow of Upioggog {penet,
                  | *Corrode rElec rPois Int+2} (You bought it in a shop on
                  | level 7 of the Dungeon)
 12319 | D:7      | Identified the +7 mace of Sin {drain, Str+4 Stlth-} (You
                  | found it on level 6 of the Dungeon)
 12616 | D:8      | Found a sacrificial altar of Ru.
 12764 | D:8      | Reached skill level 10 in Unarmed Combat
 13051 | D:8      | You fall into a shaft and drop 1 floor!
 13089 | D:9      | Reached skill level 1 in Evocations
 13260 | D:9      | Found a hazy altar of Hepliaklqana.
 13638 | D:9      | Found a bloodstained altar of Trog.
 13639 | D:9      | Found a glowing silver altar of Zin.
 13769 | D:9      | Slain by a wight

Illustrated notes

Levels and vault maps discovered:
D:1:      dpeg_arrival_arbitrary_a, layout_loops_ring
D:2:      layout_loops_ring, chequers_ecumenical_altar_island, minmay_tripent,
          uniq_terence
D:3:      layout_rooms, evilmike_ruin_ashenzari, feat_on_display
D:4:      layout_basic, nicolae_overflow_crystal_walls, minmay_strange_pillars
D:5:      layout_loops_ring, kennysheep_slug_shrine, minmay_temple_entry_arrows,
          serial_undead, serial_undead_c, serial_undead_d, serial_undead_b,
          serial_undead_e, serial_undead_b, serial_undead_b, serial_undead_f,
          serial_undead_f, cheibrodos_sewer_entry_bend,
          corexii_leaking_fountain, kennysheep_path_1
D:6:      old_forge, layout_basic, uniq_prince_ribbit1, uniq_blork_the_orc,
          uniq_maggie
D:7:      layout_gridville, serial_shops, shop, uniq_harold
D:8:      layout_basic, basic_altar
D:9:      layout_basic, old_standard_altar, grunt_temple_overflow_open,
          minmay_misc_feat_alley
Temple:   regret_index_temple_sphere_string

Skill      XL: |  1  2  3  4  5  6  7  8  9 10 |
---------------+-------------------------------+-----
Unarmed Combat | 4 5 6 7 9 10 | 10.7
Poison Magic   | 1 2 3 |  3.3
Spellcasting   | 3 4 5 6 |  6.1
Transmutations | 3 4 5 6 |  6.4
Fighting       | 2 3 |  3.0
Dodging        | 3 4 5 6 |  6.0
Throwing       | 1 |  1.2
Evocations     | 1 |  1.1
Stealth        | |  0.9

Action                   |  1- 3 |  4- 6 |  7- 9 | 10-12 || total
-------------------------+-------+-------+-------+-------++-------
Melee: Unarmed           |    87 |   226 |   350 |   191 ||   854
       Constrict         |    18 |    42 |    36 |    11 ||   107
       Tentacles         |     9 |    40 |    24 |    11 ||    84
       Punch             |     2 |     8 |     6 |     5 ||    21
Throw: Dart              |       |    11 |    10 |       ||    21
 Cast: Spider Form       |       |     4 |    23 |    12 ||    39
Evoke: Wand              |       |     7 |     1 |     6 ||    14
  Use: Potion            |       |     4 |       |       ||     4
       Scroll            |       |       |     5 |     1 ||     6
 Stab: Sleeping          |    10 |     9 |     8 |     3 ||    30
       Distracted        |       |     1 |     1 |     1 ||     3
       Held in net/web   |       |       |     1 |       ||     1
Armor: Skin              |     3 |     7 |    25 |     4 ||    39
Dodge: Dodged            |    41 |   105 |   304 |   154 ||   604
